 Dungeon Crawl Stone Soup version 0.18-a0-809-g212a022 (webtiles) character file.

115 Proton the Scratcher (level 4, 22/22 HPs)
             Began as a Felid Fighter on Dec 15, 2015.
             Quit the game on level 4 of the Dungeon.
             The game lasted 00:05:03 (3041 turns).

Proton the Scratcher (Felid Fighter)                Turns: 3041, Time: 00:05:03

Health: 22/22      AC:  1    Str: 13    XL:     4   Next: 68%
Magic:  14/14      EV: 20    Int: 10    God:
Gold:   149        SH:  0    Dex: 15    Spells: 0 memorised, 3 levels left
                                        Lives:  0   Deaths: 1

rFire  . . .     SeeInvis +       - Unarmed
rCold  . . .     Clarity  .     (armour unavailable)
rNeg   . . .     SustAt   +     (shield unavailable)
rPois  .         Gourm    .     (helmet unavailable)
rElec  .         Spirit   .     (cloak unavailable)
rCorr  .         Dismiss  .     (gloves unavailable)
rMut   .         Stasis   .     (boots unavailable)
MR     .....                    (no amulet)
Stlth  ++........               s - ring of sustain attributes
                                r - ring of magical power

@: quick, not resistant to hostile enchantments, unstealthy
A: no armour, no weapons or thrown items, claws 1, fangs 3, see invisible,
carnivore 3, speed 1, shaggy fur 1, slow metabolism 1, sharp paws
a: no special abilities


You were on level 4 of the Dungeon.
You were not hungry.

You visited 1 branch of the dungeon, and saw 4 of its levels.

You collected 149 gold pieces.

Inventory:

Jewellery
 r - a ring of magical power (left paw)
 s - a ring of sustain attributes (right paw)
Scrolls
 c - a scroll of teleportation {unknown}
 d - a scroll of immolation {unknown}
 e - 3 scrolls of identify {unknown}
 g - 2 scrolls of amnesia {unknown}
 i - 2 scrolls of noise {unknown}
 k - a scroll of remove curse {unknown}
 m - 2 scrolls of blinking {unknown}
 n - 2 scrolls of enchant weapon {unknown}
 q - a scroll of random uselessness {unknown}
 t - a scroll of magic mapping {unknown}
Potions
 a - 3 potions of might
 f - a potion of resistance {unknown}
 h - 3 potions of curing {unknown}
 j - a potion of brilliance {unknown}
 l - a potion of lignification {unknown}
 o - a potion of heal wounds {unknown}
 p - a potion of degeneration {unknown}
Comestibles
 b - 2 meat rations


   Skills:
 + Level 4.0 Fighting
 + Level 5.5 Dodging
 * Level 5.7 Unarmed Combat


You had 3 spell levels left.
You didn't know any spells.

Dungeon Overview and Level Annotations

Branches:
Dungeon (4/15)
 Temple: D:4-7

Altars:
Dithmenos
Kikubaaqudgha
Nemelex Xobeh
Okawaru
Vehumet


Innate Abilities, Weirdness & Mutations

You cannot wear armour.
You are incapable of wielding weapons or throwing items.
You have sharp claws.
You have razor-sharp teeth.
You have supernaturally acute eyesight.
You are carnivorous and can eat meat at any time.
You cover ground quickly.
You are covered in fur (AC +1).
You have a slow metabolism.
Your sharp claws are effective at attacking unaware monsters.


Message History

The orc priest invokes the aid of Beogh against you.
Something smites you! 2 orcs come into view.
An orc comes into view. It is wielding a whip.
You see here 10 gold pieces.
The orc shouts!
You see here 10 gold pieces.
The orc shouts! x3
The orc priest invokes the aid of Beogh against you.
Something smites you!
Ouch! That really hurt!
* * * LOW HITPOINT WARNING * * *
There is an escape hatch in the ceiling here.
The orc priest mumbles some strange prayers to Beogh against you.
Pain shoots through your body!
You stop ascending the stairs.
You die...
You are now level 4!
You rejoin the land of the living...
Unknown command.
Are you sure you want to abandon this character and quit the game? (Confirm with "yes".)

#....# #........ #..#.########
#.# #........ #..#........# #.#
#.#.###.. #...........# #.#
#.#.###.. ######.####.##..# #.#
#.#......
#...........##..###.####.#.####.
#.####.####.##.............####.
#...........##..................
#.####.#######.@.........######.
#.############.####.#
#..............# #.#
#.############## #.# ### ###


There were no monsters in sight!

Vanquished Creatures
  A hound (D:4)
  A giant frog skeleton (D:3)
  Jessica (D:3)
  A jelly (D:4)
  A worker ant (D:4)
  An adder (D:2)
  2 worms (D:2)
  6 giant geckos
  2 orcs (D:3)
  8 bats
  8 hobgoblins
  2 quokkas (D:3)
  4 giant cockroaches
  A giant gecko skeleton (D:4)
  A giant newt (D:1)
  9 goblins
  12 kobolds
  9 rats
70 creatures vanquished.

Notes
Turn   | Place    | Note
--------------------------------------------------------------
     0 | D:1      | Proton the Felid Fighter began the quest for the Orb.
     0 | D:1      | Reached XP level 1. HP: 10/10 MP: 2/2
   219 | D:1      | Reached XP level 2. HP: 7/14 MP: 3/3
   953 | D:1      | Reached XP level 3. HP: 17/17 MP: 4/4
  1833 | D:3      | Reached XP level 4. HP: 14/21 MP: 5/5
  2104 | D:3      | Reached skill level 5 in Unarmed Combat
  2145 | D:3      | Found an ancient bone altar of Kikubaaqudgha.
  2145 | D:3      | Found a radiant altar of Vehumet.
  2147 | D:3      | Found a shadowy altar of Dithmenos.
  2274 | D:3      | Found a sparkling altar of Nemelex Xobeh.
  2397 | D:3      | Found an iron altar of Okawaru.
  2489 | D:3      | Noticed Jessica
  2494 | D:3      | Killed Jessica
  2494 | D:3      | Reached skill level 5 in Dodging
  2531 | D:3      | Reached XP level 5. HP: 18/25 MP: 6/6
  3040 | D:4      | Killed from afar by an orc priest
  3041 | D:4      | Reached XP level 4. HP: -3/22 MP: 14/14
  3041 | D:4      | Quit the game

Vault maps used:
D:1:      dpeg_arrival_shrine
D:3:      lemuel_upstairs_altar, kennysheep_okawaru_gauntlet,
          grunt_temple_overflow_open, nemelex_lonely_heart_becter, uniq_jessica
D:4:      yredelemnul_forgotten_temple_becter, temple_statues

Action                   |  1- 3 |  4- 6 || total
-------------------------+-------+-------++-------
Melee: Unarmed           |   125 |    53 ||   178
 Stab: Sleeping          |     5 |     2 ||     7
       Distracted        |     1 |       ||     1
  Eat: Beef jerky        |       |     1 ||     1
